 Dungeon Crawl Stone Soup version 0.30.1-11-g7821555f0a (webtiles) character file.

Game seed: 525733994340007639

123 Groucho the Shooter (level 4, 0/23 HPs)
             Began as a Spriggan Hunter on Nov 20, 2023.
             Was an Initiate of Dithmenos.
             Killed by nerve-wracking pain
             ... invoked by an orc priest
              (13 damage)
             ... on level 3 of the Dungeon.
             The game lasted 00:03:22 (2701 turns).

Groucho the Shooter (Spriggan Hunter)               Turns: 2701, Time: 00:03:22

Health: 0/23       AC:  2    Str:  7    XL:     4   Next: 79%
Magic:  5/5        EV: 18    Int: 12    God:    Dithmenos [......]
Gold:   167        SH:  0    Dex: 18    Spells: 3/3 levels left

rFire   . . .        a - +0 shortbow
rCold   . . .        (shield currently unavailable)
rNeg    . . .        c - +0 robe
rPois   .            (helmet restricted)
rElec   .            (no cloak)
rCorr   .            (gloves unavailable)
SInv    +            (boots unavailable)
Will    .....        (no amulet)
Stlth   ++           (no ring)
HPRegen 0.23/turn    (no ring)
MPRegen 0.09/turn

%: no passive effects
@: very quick
A: very small, no large weapons, unfitting armour, see invisible, speed 3
a: Renounce Religion


You were on level 3 of the Dungeon.
You worshipped Dithmenos.
Dithmenos was noncommittal.
You visited 1 branch of the dungeon, and saw 3 of its levels.

You collected 167 gold pieces.

Inventory:

Hand Weapons
 a - a +0 shortbow (weapon)
 l - a +1 dagger of freezing
Missiles
 q - 2 throwing nets
Armour
 c - a +0 robe (worn)
Wands
 p - a wand of charming (5)
Scrolls
 b - a scroll of immolation
 e - 3 scrolls of identify {unknown}
 f - 3 scrolls of teleportation {unknown}
 g - a scroll of noise {unknown}
 h - 2 scrolls of summoning {unknown}
 j - a scroll of blinking {unknown}
 k - 2 scrolls of enchant weapon {unknown}
 m - a scroll of enchant armour {unknown}
 o - a scroll of amnesia {unknown}
Potions
 d - 3 potions of brilliance {unknown}
 i - a potion of magic {unknown}
 n - a potion of flight {unknown}


   Skills:
 + Level 2.1 Fighting
 + Level 0.1 Short Blades
 + Level 5.8 Ranged Weapons
 + Level 3.1 Dodging
 + Level 1.7 Stealth
 + Level 0.0 Evocations


You had 3 spell levels left.
You didn't know any spells.
Your spell library contained the following spells:

 Spells                   Type           Power      Damage    Failure   Level
 Apportation              Tloc           0%         N/A       32%         1
 Necrotise                Necr           0%         1d4       32%         1
 Summon Small Mammal      Summ           0%         N/A       32%         1


Dungeon Overview and Level Annotations

Branches:
Dungeon (3/15)

Altars:
Dithmenos
Kikubaaqudgha
Makhleb
Ru


Innate Abilities, Weirdness & Mutations

You are very small and have problems with some larger weapons.
You are too small for most types of armour.
You have supernaturally acute eyesight. (SInv)
You cover ground extremely quickly. (Speed+++)


Message History

No target in view!
No target in view!
Found a leather armour.
An orc and a bat come into view.
The orc shouts!
You hear a shout!
The bat moves out of view.
An orc is nearby!
You shoot an arrow. The arrow hits the orc.
The orc is severely wounded.
You shoot an arrow. The arrow completely misses the bat.
An orc priest comes into view. It is wielding a +0 falchion.
You shoot an arrow. The arrow closely misses the bat.
The bat hits you but does no damage.
The orc priest calls down the wrath of Beogh upon you.
Beogh smites you!
You shoot an arrow. The arrow misses the bat.
The bat closely misses you. The bat hits you.
The orc priest calls upon Beogh to heal the orc.
The orc is healed somewhat.
You are too injured to fight recklessly!
You are too injured to fight recklessly!
The bat completely misses you.
There is an open door here.
You shoot an arrow. The arrow closely misses the bat.
The bat closely misses you. The bat misses you. The bat completely misses you.
You shoot an arrow. The arrow barely misses the bat.
The arrow hits the orc!
You kill the orc!
Dithmenos accepts your kill. The bat hits you but does no damage.
The bat closely misses you.
You shoot an arrow. The arrow closely misses the bat.
The bat misses you.
You shoot an arrow. The arrow hits the bat.
The bat is moderately wounded.
The bat barely misses you.
You shoot an arrow. The arrow completely misses the bat.
The bat completely misses you. The bat misses you.
The orc priest invokes the aid of Beogh against you.
Pain shoots through your body!
Ouch! That really hurt!
You die...

.....###.......#...## ...
...#..##............# ...
..(#.......†........# #.#
#####.#.............######
#.#### #.#.######...........#
#.##..
#.#....#####.........###.....
###.........##.........##...#..
##...##.........b...............
#..#####.....##@...........)....
#.#############....###.......#..
#.#_#8###⌠#.###.#### #.......###
#.8.#.#.#.#.⌠##)#### #.###...#
#..........._#.o...# #.# #####
#............#.....# #.#
##8.#.#.#.#._#.....# #.#
######_#.#.##...$......
########..##......


You could see an orc priest and a bat.

Vanquished Creatures
  A hound (D:2)
  An adder (D:2)
  A gnoll (D:1)
  A dart slug (D:2)
  7 orcs (D:3)
  5 endoplasms
  5 giant cockroaches
  4 goblins
  4 hobgoblins
  11 kobolds
  2 quokkas
  5 ball pythons
  8 bats
  2 frilled lizards (D:1)
  4 rats
61 creatures vanquished.

Notes
Turn   | Place    | Note
-------+----------+-------------------------------------------
     0 | D:1      | Groucho the Spriggan Hunter began the quest for the Orb.
     0 | D:1      | Reached XP level 1. HP: 10/10 MP: 2/2
   176 | D:1      | Reached XP level 2. HP: 14/14 MP: 3/3
   406 | D:1      | Reached XP level 3. HP: 18/18 MP: 4/4
   567 | D:1      | Reached skill level 5 in Ranged Weapons
   700 | D:2      | Found a faded altar of an unknown god.
  1262 | D:2      | Reached XP level 4. HP: 8/23 MP: 5/5
  2585 | D:3      | Found a burning altar of Makhleb.
  2589 | D:3      | Found a sacrificial altar of Ru.
  2589 | D:3      | Found an ancient bone altar of Kikubaaqudgha.
  2589 | D:3      | Found a shadowy altar of Dithmenos.
  2595 | D:3      | Became a worshipper of Dithmenos the Shadowed
  2701 | D:3      | Killed from afar by an orc priest

Illustrated notes

Levels and vault maps discovered:
D:1:      tarquinn_simple_flora_water_e, layout_loops_ring
D:2:      layout_basic, hellmonk_ecumenical_altar_zigzags
D:3:      layout_basic, minitemple

Skill      XL: |  1  2  3 |
---------------+----------+-----
Ranged Weapons | 5 |  5.8
Dodging        | 3 |  3.1
Fighting       | 2 |  2.1
Short Blades   | |  0.1
Stealth        | |  1.7

Action                     |  1- 3 |  4- 6 || total
---------------------------+-------+-------++-------
   Fire: Shortbow          |   118 |    56 ||   174
 Armour: Robe              |     5 |     3 ||     8
  Dodge: Dodged            |    57 |    19 ||    76
